 Dungeon Crawl Stone Soup version 0.29-a0-270-g1586fc07ea (webtiles) character file.

Game seed: 6888417120854048592

79 siradein the Grave Robber (level 4, -2/36 HPs)
             Began as a Ghoul Necromancer on Mar 8, 2022.
             Slain by a scorpion zombie (5 damage)
             ... on level 3 of the Dungeon.
             The game lasted 00:09:33 (3624 turns).

siradein the Grave Robber (Ghoul Necromancer)       Turns: 3624, Time: 00:09:33

Health: -2/36      AC:  4    Str: 11    XL:     4   Next: 37%
Magic:  6/6        EV: 11    Int: 12    God:
Gold:   63         SH:  0    Dex:  9    Spells: 3/7 levels left

rFire   . . .      SeeInvis .   i - +0 mace
rCold   + . .      Faith    .   (no shield)
rNeg    + + +      Spirit   .   e - +0 leather armour
rPois   ∞          Reflect  .   g - +1 hat
rElec   .          Harm     .   (no cloak)
rCorr   .          Rampage  .   (no gloves)
Will    .....                   (no boots)
Stlth   +.........              (no amulet)
HPRegen 0.00/turn               (no ring)
MPRegen 0.10/turn               (no ring)

@: inhibited regen
A: claws 1, cold resistance 1, negative energy resistance 3, inhibited
regeneration, torment resistance 2
a: no special abilities


You were on level 3 of the Dungeon.
You visited 1 branch of the dungeon, and saw 3 of its levels.

You collected 89 gold pieces.
You spent 26 gold pieces at shops.

Inventory:

Hand Weapons
 i - a +0 mace (weapon)
Armour
 e - a +0 leather armour (worn)
 g - a +1 hat (worn)
Magical Staves
 a - a staff of fire
Scrolls
 c - 2 scrolls of enchant weapon
 f - a scroll of amnesia {unknown}
Potions
 b - a potion of magic
 d - a potion of haste


   Skills:
 + Level 1.8 Fighting
 + Level 0.5 Maces & Flails
 + Level 2.4 Dodging
 - Level 2.1 Stealth
 + Level 2.3 Spellcasting
 + Level 4.4 Necromancy


You had 3 spell levels left.
You knew the following spells:

 Your Spells              Type           Power      Damage    Failure   Level
a - Pain                  Necr           48%        1d6       5%          1
b - Vampiric Draining     Necr           12%        2d6       17%         3

Your spell library contained the following spells:

 Spells                   Type           Power      Damage    Failure   Level
 Animate Skeleton         Necr           24%        N/A       5%          1
 Animate Dead             Necr           6%         N/A       50%         4
 Agony                    Necr           12%        N/A       83%         5


Dungeon Overview and Level Annotations

Branches:
Dungeon (3/15)

Altars:

Shops:
D:1 *

Annotations:
D:1 Robin
D:2 1 runed translucent door, Crazy Yiuf


Innate Abilities, Weirdness & Mutations

You thrive by killing the living.
You are immune to poison.
You have sharp fingernails.
Your flesh is cold resistant. (rC+)
You are immune to negative energy. (rN+++)
You do not regenerate when monsters are visible.
You are immune to unholy pain and torment.


Message History

The scorpion zombie barely misses you. The scorpion zombie hits you.
* * * LOW HITPOINT WARNING * * *
You hit the scorpion zombie.
The scorpion zombie is heavily damaged.
The scorpion zombie hits you.
* * * LOW HITPOINT WARNING * * *
You completely miss the scorpion zombie.
The scorpion zombie is heavily damaged.
The scorpion zombie hits you but does no damage. x2
You hit the scorpion zombie.
The scorpion zombie is severely damaged.
The scorpion zombie misses you.
You barely miss the scorpion zombie.
The scorpion zombie is severely damaged.
The scorpion zombie closely misses you.
You hit the scorpion zombie.
The scorpion zombie is severely damaged.
The scorpion zombie closely misses you. The scorpion zombie hits you.
* * * LOW HITPOINT WARNING * * *
You hit the scorpion zombie.
The scorpion zombie is severely damaged.
The scorpion zombie hits you but does no damage.
You barely miss the scorpion zombie.
The scorpion zombie is severely damaged.
The scorpion zombie misses you.
You barely miss the scorpion zombie.
The scorpion zombie is severely damaged.
The scorpion zombie closely misses you.
The scorpion zombie hits you but does no damage.
You hit the scorpion zombie.
The scorpion zombie is severely damaged.
The scorpion zombie hits you.
* * * LOW HITPOINT WARNING * * *
You hit the scorpion zombie.
The scorpion zombie is almost destroyed.
The scorpion zombie barely misses you.
You hit the scorpion zombie but do no damage.
The scorpion zombie is almost destroyed.
The scorpion zombie barely misses you. The scorpion zombie hits you.
You die...

#.#
#.#
#.#
#.#
#.#
#.#
#.#
#Z#
#@#
#.#
#.#
#.#
#.#
#.#
#.#
#.#
#.#


You could see a scorpion zombie.

Vanquished Creatures
  2 adders (D:2)
  3 ball pythons (D:1)
  8 endoplasms
  13 goblins
  8 hobgoblins
  A quokka (D:1)
  6 bats
  2 frilled lizards (D:1)
  A jackal skeleton (D:3)
  4 kobolds
  5 rats
53 creatures vanquished.

Notes
Turn   | Place    | Note
-------+----------+-------------------------------------------
     0 | D:1      | siradein the Ghoul Necromancer began the quest for the Orb.
     0 | D:1      | Reached XP level 1. HP: 14/14 MP: 2/2
     2 | D:1      | Noticed a vine stalker
     2 | D:1      | Noticed a naga
     4 | D:1      | Noticed a gargoyle
     7 | D:1      | Noticed an ogre
     9 | D:1      | Noticed a dwarf
     9 | D:1      | Noticed a troll
    11 | D:1      | Noticed a felid
    13 | D:1      | Noticed an octopode
    15 | D:1      | Noticed a human
    15 | D:1      | Noticed a merfolk
    17 | D:1      | Noticed a formicid
    17 | D:1      | Noticed a demonspawn
    19 | D:1      | Noticed a tengu
    19 | D:1      | Noticed a demigod
    21 | D:1      | Noticed a draconian
    23 | D:1      | Noticed a vampire
    23 | D:1      | Noticed a minotaur
    25 | D:1      | Noticed a spriggan
    25 | D:1      | Noticed an elf
    27 | D:1      | Noticed a ghoul
   185 | D:1      | Reached XP level 2. HP: 6/22 MP: 0/3
   451 | D:1      | Reached skill level 1 in Fighting
   714 | D:1      | Reached XP level 3. HP: 28/28 MP: 3/5
   724 | D:1      | Learned a level 3 spell: Vampiric Draining
   981 | D:1      | Found Tuekapty's General Store.
  1000 | D:1      | Bought a scroll of identify for 26 gold pieces
  1716 | D:2      | Noticed Robin
  2193 | D:2      | Found a runed translucent door.
  2194 | D:2      | Noticed Crazy Yiuf
  2426 | D:2      | Reached XP level 4. HP: 29/36 MP: 3/6
  3624 | D:3      | Slain by a scorpion zombie

Illustrated notes

Levels and vault maps discovered:
D:1:      kb_arrival_jail, layout_basic, serial_shops,
          nicolae_shop_hallway_stairs, grunt_decor_resistance, minmay_surrounded
D:2:      layout_basic, minmay_misc_feat_chi, minmay_tree_intersection,
          uniq_robin, uniq_crazy_yiuf_cottage
D:3:      layout_basic, lemuel_doored_altar, serial_undead, serial_undead_e,
          serial_undead_e, serial_undead_e, serial_undead_e, serial_undead_c,
          serial_undead_d, serial_undead_c, serial_undead_f, serial_undead_e,
          serial_undead_a, uniq_natasha

Skill      XL: |  1  2 |
---------------+-------+-----
Dodging        | 2 |  2.4
Spellcasting   | 2 |  2.3
Fighting       | 1 |  1.8
Maces & Flails | |  0.5
Stealth        | |  2.1
Necromancy     | |  4.4

Action                   |  1- 3 |  4- 6 || total
-------------------------+-------+-------++-------
Melee: Unarmed           |    48 |       ||    48
       Mace              |    11 |    22 ||    33
 Cast: Pain              |    63 |    24 ||    87
  Use: Scroll            |     2 |       ||     2
 Stab: Sleeping          |     1 |       ||     1
Armor: Robe              |    15 |       ||    15
       Leather armour    |    13 |    14 ||    27
Dodge: Dodged            |    62 |    19 ||    81

Table legend: (Time is in decaauts)
 A = Elapsed time spent in this place.
 B = Non-inter-level travel time spent in this place.
 C = Inter-level travel time spent in this place.
 D = Time resting spent in this place.
 E = Time spent auto-exploring this place.
 F = Levels seen in this place.
 G = Mean time per level.
                   A        B        C        D        E       F      G
               +--------+--------+--------+--------+--------+-----+--------+
         Total |   3642 |   3557 |     85 |    997 |   1895 |   3 | 1214.0 |
       Dungeon |   3642 |   3557 |     85 |    997 |   1895 |   3 | 1214.0 |
               +--------+--------+--------+--------+--------+-----+--------+

Top non-repeatable levels by time:
     D:1: 1887 daAuts
     D:2: 1617 daAuts
     D:3: 137 daAuts
